 Dungeon Crawl Stone Soup version 0.30-a0-371-gad7725a93e (webtiles) character file.

Game seed: 15010016232757467326

30 arthad the Digger (level 3, -1/19 HPs)
             Began as a Gargoyle Earth Elementalist on Nov 20, 2022.
             Slain by Terence
             ... wielding a +0 hand axe of electrocution
              (3 damage)
             ... on level 2 of the Dungeon.
             The game lasted 00:05:40 (1011 turns).

arthad the Digger (Gargoyle Earth Elementalist)     Turns: 1011, Time: 00:05:41

Health: -1/19      AC:  7    Str: 11    XL:     3   Next: 18%
Magic:  1/6        EV: 11    Int: 17    God:
Gold:   44         SH:  5    Dex: 10    Spells: 5/6 levels left

rFire   . . .      SeeInvis .    e - staff of conjuration
rCold   . . .      Faith    .    h - +2 buckler {reflect}
rNeg    + . .      Spirit   .    a - +0 robe
rPois   ∞          Reflect  +    (no helmet)
rElec   +          Harm     .    m - +0 cloak
rCorr   .          Rampage  .    (no gloves)
Will    .....                    g - +0 pair of boots {Fly}
Stlth   ++........               (no amulet)
HPRegen 0.23/turn                (no ring)
MPRegen 0.10/turn                (no ring)

@: flying
A: sickness immunity, AC +3, negative energy resistance 1, electricity
resistance, torment resistance 1, petrification resistance
a: no special abilities


You were on level 2 of the Dungeon.
You visited 1 branch of the dungeon, and saw 2 of its levels.

You collected 44 gold pieces.

Inventory:

Missiles
 d - 4 poisoned darts
Armour
 a - a +0 robe (worn)
 g - a +0 pair of boots of flying (worn)
 h - a +2 buckler of reflection (worn)
 m - a +0 cloak (worn)
Magical Staves
 e - a staff of conjuration (weapon)
Jewellery
 n - an amulet of regeneration
Scrolls
 p - 2 scrolls of identify
Potions
 c - a potion of berserk rage
 f - a potion of cancellation
 k - a potion of invisibility {unknown}


   Skills:
 + Level 1.9 Dodging
 + Level 2.6 Stealth
 + Level 2.2 Spellcasting
 + Level 0.3 Conjurations
 + Level 1.2 Transmutations
 + Level 3.9 Earth Magic


You had 5 spell levels left.
You knew the following spells:

 Your Spells              Type           Power      Damage    Failure   Level
a - Sandblast             Erth           30%        2d9       4%          1

Your spell library contained the following spells:

 Spells                   Type           Power      Damage    Failure   Level
 Passwall                 Tmut/Erth      8%         N/A       13%         2
 Stone Arrow              Conj/Erth      26%        3d8       32%         3
 Petrify                  Tmut/Erth      10%        N/A       65%         4


Dungeon Overview and Level Annotations

Branches:
Dungeon (2/15)

Altars:

Annotations:
D:2 Terence


Innate Abilities, Weirdness & Mutations

You are immune to sickness and miasma.
Your stone body is resilient. (AC +3)
You are immune to poison.
You resist negative energy. (rN+)
You are resistant to electric shocks. (rElec)
You are resistant to unholy torment.
You are immune to petrification.


Message History

Press: ? - help, Shift-Dir - straight line, f/p - Terence
Aim: Terence, wielding a +0 hand axe of electrocution and wearing a +0 chain mail (moderately wounded, berserk, 87% to hit)
The blast of sand hits Terence but does no damage.
Terence is moderately wounded.
The quokka bites you but does no damage.
You block Terence's attack. The quokka barely misses you.
Terence barely misses you.
Unknown command.
Unknown command.
Casting: Sandblast (safe; 4% risk of failure)
Confirm with . or Enter, or press ? or * to list all spells.
Aiming: Sandblast (safe; 4% risk of failure)
Press: ? - help, Shift-Dir - straight line, f/p - Terence
Aim: Terence, wielding a +0 hand axe of electrocution and wearing a +0 chain mail (moderately wounded, berserk, 87% to hit)
The blast of sand hits Terence but does no damage.
Terence is moderately wounded.
Terence hits you with a +0 hand axe of electrocution!
The quokka bites you but does no damage.
Terence hits you with a +0 hand axe of electrocution.
* * * LOW HITPOINT WARNING * * *
The quokka bites you.
* * * LOW HITPOINT WARNING * * *
Unknown command.
Unknown command.
The air fills with toxic fumes!
As you read the scroll labelled WOUDUPOOPH, it crumbles to dust.
It was a scroll of poison.
Terence hits you with a +0 hand axe of electrocution.
* * * LOW HITPOINT WARNING * * *
The quokka misses you. Terence closely misses you.
As you read the scroll labelled QUTEWED OZ RORCH, it crumbles to dust.
It is a scroll of identify.
o - a scroll of fear The quokka bites you but does no damage.
Terence closely misses you.
As you read the scroll of fear, it crumbles to dust.
You assume a fearsome visage.
Terence is unaffected.
The quokka looks frightened!
Terence hits you with a +0 hand axe of electrocution.
You die...

§§#§§§§§§ §§§§§§§## ....... .#
§§§§#§§ ..##.. ....?.. .
#§§§§§# # ..... ....... .##
§§§§§##§##....#
.......#..###§§§§§§§§§ ...
.....†[.#(..#§r§§§# ...
........#...#@@§§§## #.#
....(..§§§§§§§§§§§§# #.#
#§§§§§§§§§§§§#####.#
##§§§§#§§§§§§§§§.<.##♣♣♣
######§§§§§§§§§§####..#.#P.♣.
......§§§§§§§§§§§§........PP.♣
######§§###§§§§§§§§#......P.♣♣
#..§§# ####§§§§§§.##..#.♣♣
#....## ###....##..##♣♣


You could see Terence (berserk) and a quokka (fleeing).

Vanquished Creatures
  An adder (D:2)
  A dart slug (D:2)
  3 bats
  2 endoplasms (D:1)
  A giant cockroach (D:1)
  A hobgoblin (D:1)
  4 quokkas
  A ball python (D:2)
  4 rats (D:1)
18 creatures vanquished.

Notes
Turn   | Place    | Note
-------+----------+-------------------------------------------
     0 | D:1      | arthad the Gargoyle Earth Elementalist began the quest for
                  | the Orb.
     0 | D:1      | Reached XP level 1. HP: 10/10 MP: 3/3
   261 | D:1      | Reached skill level 1 in Transmutations
   261 | D:1      | Reached XP level 2. HP: 15/15 MP: 1/5
   988 | D:2      | Reached XP level 3. HP: 19/19 MP: 3/6
   990 | D:2      | Noticed Terence
  1011 | D:2      | Slain by Terence

Illustrated notes

Levels and vault maps discovered:
D:1:      dpeg_arrival_arbitrary_c, layout_loops_ring,
          chequers_serial_rivers_large_b, minmay_misc_feat_plants
D:2:      layout_rooms, basic_altar, grunt_ministairs_14, uniq_jessica,
          uniq_crazy_yiuf_cottage, uniq_natasha, uniq_terence, uniq_robin

Skill      XL: |  1 |
---------------+----+-----
Transmutations | 1 |  1.2
Dodging        | |  1.9
Stealth        | |  2.6
Spellcasting   | |  2.2
Conjurations   | |  0.3
Earth Magic    | |  3.9

Action                   || total
-------------------------++-------
Melee: Staff             ||    14
Throw: Dart              ||     3
 Cast: Sandblast         ||    30
  Use: Scroll            ||     4
       Potion            ||     3
 Stab: Sleeping          ||     1
Armor: Robe              ||    15
Dodge: Dodged            ||    24
Block: Buckler           ||     3

Table legend: (Time is in decaauts)
 A = Elapsed time spent in this place.
 B = Non-inter-level travel time spent in this place.
 C = Inter-level travel time spent in this place.
 D = Time resting spent in this place.
 E = Time spent auto-exploring this place.
 F = Levels seen in this place.
 G = Mean time per level.
                   A        B        C        D        E       F      G
               +--------+--------+--------+--------+--------+-----+--------+
         Total |   1028 |    991 |     37 |      0 |    820 |   2 |  514.0 |
       Dungeon |   1028 |    991 |     37 |      0 |    820 |   2 |  514.0 |
               +--------+--------+--------+--------+--------+-----+--------+

Top non-repeatable levels by time:
     D:1: 842 daAuts
     D:2: 185 daAuts
